Description

My first BO: Standard Zerg opener, 2-base Ling-Bane-Muta-Corruptor, with an economic focus.

Replay - Dunkel v yors - Old Republic LE

Build Order

Get SALT Encoding   

  13  0:13  Overlord  
  16  1:00  Hatchery  
  17  1:09  Extractor  
  17  1:19  Spawning Pool  
  20  2:06  Queen  
  22  2:12  Queen  
  22  2:14  Overlord  
  24  2:20  Metabolic Boost  
  28  2:40  Zergling x4  
  30  2:53  Zergling x2  
  30  2:58  Overlord  
  31  3:53  Zergling x14  
  44  4:25  Overlord  
  44  4:26  Lair  
  44  4:49  Queen  
  51  6:38  Evolution Chamber  
  51  6:39  Queen  
  50  6:44  Spire  
  51  6:47  Extractor  
  51  6:52  Overlord  
  51  6:53  Extractor  
  51  7:00  Spine Crawler x2  
  50  7:08  Zerg Melee Weapons Level 1  
  49  7:18  Queen  
  51  7:54  Mutalisk x3  
  59  8:31  Mutalisk x4  
  67  9:02  Extractor  
  66  9:08  Baneling Nest  
  66  9:13  Zerg Flyer Weapons Level 1  
  66  9:16  Zerg Ground Armor Level 1  
  66  9:23  Evolution Chamber  
  67  9:30  Spine Crawler  
  66  9:35  Spine Crawler  
  68  9:54  Mutalisk x3  
Spawning Tool Build Advisor. Get it on Overwolf

Analysis

The play style/strategy was basically scouting to identify droning windows or early aggression in order to prepare with time and respond accordingly.

Go to:

Details

  • Created by: yorstown
  • Published on: Jun 21, 2026
  • Modified on: Jun 21, 2026
  • Patch: 5.0.11
  • Difficulty: Easy
Show
View Real Time Build Order
Export as new Build Order

Comments (0)

There are no comments. Be the first!

Create an account to comment!